 Dungeon Crawl Stone Soup version 0.29-a0-643-ga013cefcf8 (webtiles) character file.

Game seed: 13154623037022332669

60 mandarbmax the Caller (level 4, -10/30 HPs)
             Began as a Merfolk Summoner on June 20, 2022.
             Killed from afar by Ijyb (20 damage)
             ... with a bolt of acid
             ... on level 3 of the Dungeon.
             The game lasted 00:06:21 (3057 turns).

mandarbmax the Caller (Merfolk Summoner)            Turns: 3057, Time: 00:06:21

Health: -10/30     AC: -1    Str:  8    XL:     4   Next: 4%
Magic:  0/7        EV: 13    Int: 16    God:
Gold:   95         SH:  0    Dex: 14    Spells: 1/7 levels left

rFire   . . .      SeeInvis .   c - +0 spear
rCold   . . .      Faith    .   (no shield)
rNeg    . . .      Spirit   .   a - +0 robe
rPois   .          Reflect  .   h - +0 helmet
rElec   .          Harm     .   (no cloak)
rCorr   .          Rampage  .   (no gloves)
Will    .....                   (no boots)
Stlth   ++........              (no amulet)
HPRegen 0.10/turn               (no ring)
MPRegen 0.10/turn               (no ring)

@: corroded
A: (nimble swimmer 2), mertail
a: no special abilities


You were on level 3 of the Dungeon.
You visited 1 branch of the dungeon, and saw 3 of its levels.

You collected 95 gold pieces.

Inventory:

Hand Weapons
 c - a +0 spear (weapon)
Armour
 a - a +0 robe (worn)
 h - a +0 helmet (worn)
Wands
 r - a wand of polymorph (9)
Scrolls
 f - a scroll of magic mapping {unknown}
 i - a scroll of enchant armour {unknown}
 k - a scroll of acquirement {unknown}
 m - a scroll of immolation {unknown}
 n - a scroll of teleportation {unknown}
 p - a scroll of summoning {unknown}
Potions
 b - a potion of magic
 d - a potion of resistance
 e - a potion of curing
 g - a potion of heal wounds
 l - a potion of lignification
 o - a potion of degeneration {unknown}
 q - a potion of brilliance


   Skills:
 - Level 3.0 Dodging
 - Level 2.1 Stealth
 - Level 2.0 Spellcasting
 + Level 5.4 Summonings


You had one spell level left.
You knew the following spells:

 Your Spells              Type           Power      Damage    Failure   Level
a - Summon Small Mammal   Summ           76%        N/A       2%          1
b - Call Imp              Summ           19%        N/A       3%          2
c - Call Canine Familiar  Summ           19%        N/A       7%          3

Your spell library contained the following spells:

 Spells                   Type           Power      Damage    Failure   Level
 Magic Dart               Conj           4%         1d3       21%         1
 Summon Guardian Golem    Hex/Summ       10%        N/A       21%         3
 Searing Ray              Conj           2%         2d4       30%         2
 Summon Lightning Spire   Summ/Air       10%        N/A       56%         4
 Fulminant Prism          Conj/Hex       0%         3d6       90%         4


Dungeon Overview and Level Annotations

Branches:
Dungeon (3/15)

Altars:

Annotations:
D:3 Ijyb


Innate Abilities, Weirdness & Mutations

((You are very nimble when in or above water. (Stealth+, EV+, Speed+++)))
Your lower body shifts to a powerful aquatic tail in water.


Message History

You climb downwards.
Level annotation: Ijyb
There is a stone staircase leading up here.
Ijyb is nearby!
Casting: Call Canine Familiar (quite dangerous; 7% risk of failure)
Confirm with . or Enter, or press ? or * to list all spells.
The spell is quite dangerous to miscast (7% risk of failure)!
Continue anyway?
Casting: Call Canine Familiar (quite dangerous; 7% risk of failure)
Confirm with . or Enter, or press ? or * to list all spells.
A shadowy apparition takes form in the air.
Casting: Call Imp (safe; 3% risk of failure)
Confirm with . or Enter, or press ? or * to list all spells.
Casting: Summon Small Mammal (safe; 2% risk of failure)
Confirm with . or Enter, or press ? or * to list all spells.
Ijyb zaps a wand.
The bolt of acid hits your shadow imp!!
Your shadow imp dies!
Your shadow imp disappears in a puff of smoke!
The bolt of acid misses you.
Unknown command.
Ijyb zaps a wand.
The bolt of acid hits your hound!! The acid corrodes your hound!
Your hound dies!
Your hound's corpse disappears in a puff of smoke!
The bolt of acid hits you!!
Ouch! That really hurt!
The acid corrodes you!
As you read the scroll of identify, it crumbles to dust.
l - a potion of lignification Your quokka closely misses Ijyb.
Okay, then.
Ijyb hits your quokka with a +0 dagger.
Your quokka misses Ijyb.
Your quokka bites Ijyb.
Ijyb screams, "Me stronger than you!"
Ijyb zaps a wand.
The bolt of acid hits your quokka!! The acid corrodes your quokka!
Your quokka dies!
Your quokka's corpse disappears in a puff of smoke!
The bolt of acid hits you!!
Ouch! That really hurt!
You die...

#.#...)....# #.#..........#......
.....#.....# #.#.###......#...#..
#.#..#.....# #.#..#..............
..#..#.....# #.#.................
.........#####.#..#..............
......................>..........
.............#.##.<.......#.#....
.....#......g#b..................
.......#.....ยง..@...#.#.....#.###
............................#....
.#.#.#.#.#.#.####.#..............
#.#.#.#.#.#.........####.##.#.###
.#.#.#.#.#......#.#+####..#.#.#
#.#.#.#.#.##.#.##.........#.#.###
.#.#.#.#.#..<#.##...........#....
#.#.#.#.#.##.#.##...........#.###
.#.#.#.#.#.#.#..............#.#


You could see Ijyb (ally target) and a friendly bat (summoned).

Vanquished Creatures
  A gnoll (D:3)
  2 ball pythons
  An endoplasm (D:3)
  2 goblins (D:1)
  A jackal (D:1)
  2 kobolds
  2 bats
  A rat (D:3)
12 creatures vanquished.

Vanquished Creatures (collateral kills)
  An adder (D:3)
  A dart slug (D:2)
  4 ball pythons
  2 endoplasms
  3 giant cockroaches
  A goblin (D:1)
  3 hobgoblins (D:1)
  A jackal (D:1)
  4 bats
  3 frilled lizards
  A rat (D:1)
24 creatures vanquished.

Grand Total: 36 creatures vanquished

Notes
Turn   | Place    | Note
-------+----------+-------------------------------------------
     0 | D:1      | mandarbmax the Merfolk Summoner began the quest for the
                  | Orb.
     0 | D:1      | Reached XP level 1. HP: 13/13 MP: 3/3
   243 | D:1      | Reached XP level 2. HP: 18/19 MP: 0/5
   692 | D:1      | Found a faded altar of an unknown god.
   696 | D:1      | Learned a level 2 spell: Call Imp
  1059 | D:1      | Reached XP level 3. HP: 21/24 MP: 0/6
  1555 | D:2      | Learned a level 3 spell: Call Canine Familiar
  1994 | D:2      | Reached skill level 5 in Summonings
  2472 | D:3      | Reached XP level 4. HP: 11/30 MP: 0/7
  2801 | D:3      | Noticed Ijyb
  3057 | D:3      | Killed from afar by Ijyb

Illustrated notes

Levels and vault maps discovered:
D:1:      mrwooster_arrival_statue_3, layout_basic,
          shapermc_ecumenical_altar_starsandcircs
D:2:      layout_basic, nicolae_concentric_dashed_squares_wild
D:3:      layout_basic, uniq_ijyb

Skill      XL: |  1  2  3 |
---------------+----------+-----
Dodging        | 3 |  3.0
Summonings     | 5 |  5.4
Stealth        | |  2.1
Spellcasting   | |  2.0

Action                   |  1- 3 |  4- 6 || total
-------------------------+-------+-------++-------
Melee: Spear             |    62 |     8 ||    70
       Unarmed           |     1 |       ||     1
       Punch             |     1 |       ||     1
 Cast: Summon Small Mamm |    25 |     2 ||    27
       Call Imp          |    10 |     2 ||    12
       Call Canine Famil |     6 |     3 ||     9
  Use: Scroll            |       |     3 ||     3
       Potion            |       |     2 ||     2
 Stab: Sleeping          |     3 |     1 ||     4
Armor: Robe              |    13 |     6 ||    19
Dodge: Dodged            |    49 |     4 ||    53

Table legend: (Time is in decaauts)
 A = Elapsed time spent in this place.
 B = Non-inter-level travel time spent in this place.
 C = Inter-level travel time spent in this place.
 D = Time resting spent in this place.
 E = Time spent auto-exploring this place.
 F = Levels seen in this place.
 G = Mean time per level.
                   A        B        C        D        E       F      G
               +--------+--------+--------+--------+--------+-----+--------+
         Total |   3064 |   2997 |     67 |    387 |   2218 |   3 | 1021.3 |
       Dungeon |   3064 |   2997 |     67 |    387 |   2218 |   3 | 1021.3 |
               +--------+--------+--------+--------+--------+-----+--------+

Top non-repeatable levels by time:
     D:1: 1277 daAuts
     D:2: 968 daAuts
     D:3: 818 daAuts
